 Dungeon Crawl Stone Soup version 0.24-a0-592-g9a1d66b (webtiles) character file.

Game seed: 3120826395746287671, levelgen mode: deterministic

1366 DrEnzyme the Skirmisher (level 8, -4/71 HPs)
             Began as a Troll Chaos Knight on Sept 9, 2019.
             Was a Plaything of Xom.
             Slain by an ice beast (10 damage)
             ... on level 6 of the Dungeon.
             The game lasted 00:11:44 (4389 turns).

DrEnzyme the Skirmisher (Troll Chaos Knight)        Turns: 4389, Time: 00:11:44

Health: -4/71      AC:  6    Str: 23    XL:     8   Next: 38%
Magic:  7/7        EV: 10    Int:  6    God:    Xom [..*...]
Gold:   339        SH:  0    Dex:  9    Spells: 7/7 levels left

rFire    . . .     SeeInvis .     - Unarmed
rCold    . . .     Gourm    +   (no shield)
rNeg     . . .     Faith    .   v - +1 robe {MR+}
rPois    .         Spirit   .   (helmet restricted)
rElec    .         Reflect  .   (no cloak)
rCorr    .         Harm     .   (gloves unavailable)
MR       +....                  (boots unavailable)
Stlth    +.........             (no amulet)
HPRegen  0.61/turn              (no ring)
MPRegen  0.10/turn              (no ring)

@: no status effects
A: large, unfitting armour, claws 3, deformed body, dopey 1, fast metabolism 3,
frail 1, gourmand, regeneration 1, shaggy fur 1, tough skin 3
a: Renounce Religion


You were on level 6 of the Dungeon.
You worshipped Xom.
You were a toy of Xom.
You were very hungry.

You visited 1 branch of the dungeon, and saw 6 of its levels.

You collected 339 gold pieces.

Inventory:

Missiles
 k - 3 javelins
 t - 4 poisoned darts (quivered)
Armour
 b - a +2 robe
 c - a +0 shield
 j - a +0 buckler
 v - a +1 robe of magic resistance (worn)
Jewellery
 m - a cursed ring of attention {unknown}
 x - an uncursed ring of see invisible {unknown}
Scrolls
 g - a scroll of amnesia
 h - a scroll of magic mapping {unknown}
 l - a scroll of noise {unknown}
 o - a scroll of enchant weapon {unknown}
 q - a scroll of fear {unknown}
 r - a scroll of random uselessness {unknown}
 s - 2 scrolls of remove curse
 u - 3 scrolls of teleportation
 y - a scroll of identify {unknown}
 z - a scroll of enchant armour {unknown}
Potions
 a - a potion of degeneration {unknown}
 d - 3 potions of curing
 e - 2 potions of resistance {unknown}
 i - 2 potions of berserk rage {unknown}
 n - 4 potions of heal wounds {unknown}
 p - 2 potions of lignification {unknown}
 w - 2 potions of magic {unknown}
Comestibles
 f - 6 rations


   Skills:
 + Level 4.9 Fighting
   Level 2.6 Maces & Flails
 + Level 3.3 Throwing
 * Level 3.1 Armour
 - Level 1.9 Dodging
 + Level 1.5 Stealth
 * Level 3.0 Shields
 * Level 4.5 Unarmed Combat


You had 7 spell levels left.
You didn't know any spells.
Your spell library contained the following spells:

 Spells                   Type           Power        Failure   Level  Hunger
 Summon Small Mammal      Summ           #...         45%         1    ##.....
 Force Lance              Conj/Tloc      #.......     99%         4    #####..
 Summon Forest            Summ/Tloc      #.........   100%        5    ######.
 Dragon's Call            Summ           #.........   100%        9    #######


Dungeon Overview and Level Annotations

Branches:
Dungeon (6/15)
 Temple: D:4-7

Altars:
Dithmenos
Hepliaklqana
Qazlal
Vehumet
Wu Jian
Xom
The Shining One


Innate Abilities, Weirdness & Mutations

You are too large for most types of armour.
You have claws for hands.
Your metabolism is lightning-fast.
You like to eat raw meat.
Your natural rate of healing is unusually fast.
You are covered in fur. (AC +1)
You have extremely tough skin. (AC +3)
Armour fits poorly on your strangely shaped body.
You are dopey. (Int -2)
You are frail. (-10% HP)


Message History

The gnoll hits you with a +0 spear!
You claw the gnoll!
The gnoll is severely wounded.
The ice beast hits you. The ice beast freezes you!
The gnoll hits you with a +0 spear!
You scratch the gnoll.
You kill the gnoll!
The ice beast hits you.
* * * LOW HITPOINT WARNING * * *
The ice beast freezes you!
* * * LOW HITPOINT WARNING * * *
You claw the ice beast!
The ice beast is heavily wounded.
The ice beast closely misses you.
You scratch the ice beast but do no damage.
The ice beast is heavily wounded.
The ice beast hits you.
* * * LOW HITPOINT WARNING * * *
The ice beast freezes you!
You die...

≈≈≈≈≈≈≈ ≈≈≈≈≈≈≈ ≈≈
≈≈≈≈≈≈≈ ..hg .......
##### ..... .......
....# #..#.#####
.....# #...#
#.#.#.#.#.#.....#.
'...#
##.#.#.#.#@).....#
#...#
#.#.#.#.#Y#.#.#.#.
#...# ##.#.#.#†#.#.#
#...#
#.#.#.#.#.#.#.#
#...#
##.#.#.#.#.#.#.#
#####
#.#.#.#.#.#.#.#.#
#.##.#.#.#.#.#.#.#.#
#.#.#.#.#.#.#.#.#.#.
#..#.#.#.#.#.#.#.#.


You could see an ice beast.

Vanquished Creatures
  Pikel (D:5)
  4 slaves (D:5)
  An ogre (D:5)
  A centaur (D:5)
  2 scorpions
  A howler monkey (D:5)
  2 crimson imps
  A gnoll shaman (D:5)
  An orc priest (D:3)
  4 orc wizards
  2 worker ants
  A hound skeleton (D:5)
  2 worker ant zombies
  Robin (D:2)
  5 gnolls
  6 adders
  An ooze (D:1)
  An adder skeleton (D:4)
  4 worms
  2 dart slugs
  4 leopard geckos
  13 orcs
  3 ball pythons
  A giant cockroach (D:2)
  17 hobgoblins
  10 jackals
  10 bats
  4 frilled lizards
  21 goblins
  A jackal zombie (D:5)
  7 kobolds
  A leopard gecko skeleton (D:5)
  9 rats
144 creatures vanquished.

Vanquished Creatures (collateral kills)
  A bullfrog zombie (D:5)
1 creature vanquished.

Vanquished Creatures (others)
  An adder (D:4)
  2 fire vortices (D:4)
3 creatures vanquished.

Grand Total: 148 creatures vanquished

Notes
Turn   | Place    | Note
-------+----------+-------------------------------------------
     0 | D:1      | DrEnzyme the Troll Chaos Knight began the quest for the
                  | Orb.
     0 | D:1      | Reached XP level 1. HP: 22/22 MP: 0/0
    79 | D:1      | Reached XP level 2. HP: 27/29 MP: 1/1
    94 | D:1      | XOM: silly message
   146 | D:1      | XOM: god gift: dagger {god gift}
   167 | D:1      | XOM: give mutation
   167 | D:1      | Gained mutation: Your spells are a little harder to cast,
                  | but a little more powerful. [Xom's grace]
   265 | D:1      | XOM: divination: detect items
   267 | D:1      | Reached skill level 1 in Unarmed Combat
   314 | D:1      | Reached XP level 3. HP: 36/36 MP: 2/2
   539 | D:1      | Reached skill level 1 in Armour
   768 | D:1      | XOM: 1-stop teleportation journey
  1018 | D:2      | Noticed Robin
  1034 | D:2      | XOM: polymorph goblin -> rat
  1089 | D:2      | Reached XP level 4. HP: 43/45 MP: 3/3
  1104 | D:2      | XOM: enchant monster (good)
  1118 | D:2      | XOM: scenery: create altars
  1120 | D:2      | XOM: harmless Pois miscast
  1256 | D:2      | XOM: noise
  1258 | D:2      | XOM: enchant monster (good)
  1271 | D:2      | Reached skill level 1 in Shields
  1297 | D:2      | Killed Robin
  1591 | D:2      | Found a faded altar of an unknown god.
  1644 | D:3      | XOM: enchant monster (good)
  1674 | D:3      | Reached XP level 5. HP: 39/53 MP: 4/4
  1698 | D:3      | XOM: cloud trail
  1862 | D:3      | Found a radiant altar of Vehumet.
  1976 | D:3      | XOM: 1-stop teleportation journey
  2424 | D:3      | XOM: polymorph orc -> bat
  2622 | D:4      | XOM: scenery: create altars
  2631 | D:4      | Reached XP level 6. HP: 47/62 MP: 5/5
  2658 | D:4      | XOM: cloud trail
  2683 | D:4      | XOM: god gift: blackened book {god gift}
  2683 | D:4      | Identified Xom's Catalogue of Submission (Xom gifted it to
                  | you on level 4 of the Dungeon)
  2863 | D:4      | Found a hazy altar of Hepliaklqana.
  2925 | D:4      | XOM: give mutations
  2925 | D:4      | Gained mutation: Armour fits poorly on your strangely
                  | shaped body. [Xom's mischief]
  2925 | D:4      | Gained mutation: You are frail. (-10% HP) [Xom's mischief]
  2925 | D:4      | Lost mutation: Your spells are a little harder to cast, but
                  | a little more powerful. [Xom's mischief]
  2925 | D:4      | Gained mutation: You are dopey. (Int -2) [Xom's mischief]
  3006 | D:4      | XOM: enchant monster (good)
  3007 | D:4      | XOM: mild Fire miscast
  3020 | D:4      | XOM: 7-stop teleportation journey
  3326 | D:5      | Entered Level 5 of the Dungeon
  3337 | D:5      | Reached skill level 1 in Throwing
  3412 | D:5      | Found a stormy altar of Qazlal.
  3413 | D:5      | Noticed a fire elemental
  3414 | D:5      | Noticed an air elemental
  3414 | D:5      | Noticed a water elemental
  3432 | D:5      | XOM: divination: magic mapping
  3439 | D:5      | XOM: confuse monster(s)
  3493 | D:5      | Noticed Pikel
  3493 | D:5      | Noticed a slave
  3493 | D:5      | Noticed a slave
  3493 | D:5      | Noticed a slave
  3493 | D:5      | Noticed a slave
  3502 | D:5      | Killed a slave
  3503 | D:5      | XOM: potion effect (brilliance)
  3507 | D:5      | Killed a slave
  3509 | D:5      | XOM: harmless Air miscast
  3514 | D:5      | Killed a slave
  3516 | D:5      | XOM: potion effect (might)
  3526 | D:5      | Killed a slave
  3528 | D:5      | Reached skill level 1 in Stealth
  3607 | D:5      | Found a glowing golden altar of the Shining One.
  3616 | D:5      | Reached XP level 7. HP: 61/63 MP: 6/6
  3622 | D:5      | Found a stormy altar of Qazlal.
  3625 | D:5      | Found a shadowy altar of Dithmenos.
  3628 | D:5      | Found an ornate altar of the Wu Jian Council.
  3676 | D:5      | XOM: potion effect (agility)
  3677 | D:5      | XOM: potion effect (curing)
  3709 | D:5      | XOM: divination: detect creatures
  3745 | D:5      | Killed Pikel
  3745 | D:5      | Reached XP level 8. HP: 39/71 MP: 7/7
  3762 | D:5      | XOM: harmless Conj miscast
  3773 | D:5      | XOM: cast spell 'Alistair's Intoxication'
  3974 | D:5      | Paralysed by fainting for 7 turns
  4026 | D:5      | XOM: silly message
  4389 | D:6      | Slain by an ice beast

Levels and vault maps discovered:
D:1:      dpeg_arrival_rooms_c, layout_basic, dk_noncrumbling_2
D:2:      cheibrodos_greedy_goblins, layout_rooms,
          chequers_ecumenical_altar_twisty, uniq_robin
D:3:      layout_loops_ring, vehumet_crystals, patterned_corridor
D:4:      layout_basic, kennysheep_mini_moat
D:5:      layout_basic, grunt_temple_overflow_cloverleaf, first_ration,
          nicolae_qazlal_style_of_elements, uniq_pikel
D:6:      lemuel_castle_with_subvaults [lemuel_castle_interior_carwin_2],
          layout_basic, grunt_temple_overflow_open, serial_shops, shop,
          basic_altar

Skill      XL: |  1  2  3  4  5  6  7  8 |
---------------+-------------------------+-----
Unarmed Combat | 1 2 4 |  4.5
Fighting       | 3 4 |  4.9
Armour         | 1 2 3 |  3.1
Shields        | 1 2 3 |  3.0
Throwing       | 1 3 |  3.3
Stealth        | 1 |  1.5
Maces & Flails | |  2.6
Dodging        | |  1.9

Action                   |  1- 3 |  4- 6 |  7- 9 || total
-------------------------+-------+-------+-------++-------
Melee: Mace              |   156 |   284 |       ||   440
       Punch             |     1 |     1 |     2 ||     4
       Unarmed           |       |       |    75 ||    75
Throw: Dart              |       |    35 |     7 ||    42
       Javelin           |       |     7 |     6 ||    13
  Use: Scroll            |       |     3 |       ||     3
       Potion            |       |       |     1 ||     1
 Stab: Sleeping          |     2 |     1 |       ||     3
       Paralysed         |       |     1 |       ||     1
       Petrifying        |       |     1 |       ||     1
  Eat: Chunk             |     6 |    19 |     3 ||    28
       Ration            |     1 |     1 |     1 ||     3
Armor: Robe              |    85 |   135 |    20 ||   240
Dodge: Dodged            |   105 |   162 |    42 ||   309

Table legend:
 A = Non-vault XP
 B = Vault XP
 C = Vault XP percentage of total XP
 D = Non-vault monster count
 E = Vault monster count
 F = Vault count percentage of total count
                 A         B        C        D         E       F
            +---------+---------+-------+---------+---------+-------
      Total |    1228 |     724 |  37.1 |     115 |      26 |  18.4
            +---------+---------+-------+---------+---------+-------
        D:1 |      67 |       0 |   0.0 |      36 |       0 |   0.0
        D:2 |      68 |      50 |  42.4 |      20 |      20 |  50.0
        D:3 |     127 |       0 |   0.0 |      25 |       0 |   0.0
        D:4 |     222 |       0 |   0.0 |      12 |       0 |   0.0
        D:5 |     694 |     651 |  48.4 |      21 |       1 |   4.5
        D:6 |      50 |      23 |  31.5 |       1 |       5 |  83.3
            +---------+---------+-------+---------+---------+-------
